Workbook
Name NOM_BPIN: '[1]RUBROS X BPIN '!$A$2:$D$338
Name regionales: [2]regionales!$A$1:$B$34

Sheet INSTRUCCIONES
J1: Versión: 10
J2: Código: GIL-F-045
A3: PROCESO
A4: GESTIÓN DE INFRAESTRUCTURA Y LOGÍSTICA
A5: NOMBRE DEL FORMATO
A6: REPORTE DE RECONOCIMIENTO DE OBRAS TERMINADAS
A7: CLASIFICACIÓN DE LA INFORMACIÓN
A8: Pública | C8: Pública Clasificada | G8: Pública Reservada
A9: INSTRUCCIONES PARA EL DILIGENCIAMIENTO DEL FORMATO
A10: NO IMPRIMIR
A11: 1. Generalidades
A12: Este formato debe diligenciarse de manera mensual mas no acumulada, con la información de los contratos de obra, interventoría, pago de licencias, estudios entre otros, en donde se construyan nuevos inmuebles o que aumenten la capacidad de servicio o vida útil de los bienes ya sean de un solo pago o más.
A13: Si presentan campos vacíos no se tomara en cuenta y se generara una devolución de la información, en caso de que algún campo no aplique debe de ser indicado como N/A
A14: Tener en cuenta que para poder realizar la activación de la obra, debe haber sido recibida a satisfacción y estar en condiciones de uso lo bienes inmuebles objeto de la intervención, adicionalmente los documentos mencionados como soporte, deben ser escaneados y remitidos junto con el formato.
A15: 2. Instrucciones para diligenciar las casillas
A17: NOMBRE DE LA CASILLA | B17: INSTRUCCIONES | G17: TENER EN CUENTA
A18: INFORMACIÓN DEL CONTRATO E INMUEBLE
A19: OBRA REFERENTE | B19: Nombre de la obra en curso la cual agrupa los distintos contratos ya sean de obra, interventoría, pago de licencias, entre otros que conforman la totalidad de la inversión, este se debe componer de la siguiente forma: # de contrato_Año del contrato_Nombre del edificio o centro, ejemplo: 1067_2018_CENTRO DE LA MADERA. Se debe tener en cuenta que para esta estructura propuesta solo va a ir el numero del contrato de obra y este debe ser igual para todos los contratos o pagos que se realicen a la obra, Tener en cuenta que la obra referente esta evidenciada en el formato GIL-G-047, ya que vienen de construcciones en curso.
A20: NOMBRE REGIONAL O CENTRO DE FORMACIÓN DE EJECUCIÓN PRESUPUESTAL | B20: Seleccione de la lista el nombre de la Regional o Centro de Formación mediante el cual se está realizando la ejecución presupuestal de la obra.
A21: CÓDIGO PCI REGIONAL O CENTRO DE EJECUCIÓN PRESUPUESTAL | B21: Código de la posición del catalogo institucional del centro de costo por el cual se esta realizando la ejecución presupuestal de la obra, Campo formulado por favor no modificar.
A22: NOMBRE REGIONAL DE EJECUCION DE OBRA | B22: Seleccione de la lista el nombre de la Regional a la cual pertenece el bien inmueble en el cual se realiza la intervención.
A23: CÓDIGO PCI REGIONAL EJECUCIÓN OBRA | B23: Código de la posición del catalogo institucional del centro de costo al cual fue asignado el inmueble en el que se está desarrollando la obra, Campo formulado por favor no modificar.
A24: DIRECCION DEL INMUEBLE AL CUAL SE LE REALIZA LA INTERVENCION | B24: Dirección del inmueble tal como aparece en el avalúo objeto de la intervención.
A25: ESTADO DE TENENCIA | B25: Seleccione de la lista el estado actual de tenencia del bien inmueble objeto de la intervención.
A26: ENLACE SECOP II | B26: Insertar el link del contrato en Secop II que no requiera usuario y contraseña.
A27: NÚMERO DE CÉDULA O NIT DEL CONTRATISTA | B27: Indique el número de cédula o NIT del contratista titular del contrato relacionado.
A28: NOMBRE O RAZÓN SOCIAL CONTRATISTA | B28: Nombre o Razón social de la persona titular del contrato.
A29: NO. CONTRATO | B29: Número del contrato a activar.
A30: FECHA DEL CONTRATO | B30: Fecha de firma del contrato a activar.
... A50: COORDINADOR GRUPO ADMINISTRATIVO MIXTO Y/O COORDINADOR GRUPO DE INFRAESTRUCTURA (DG) | B50: Nombre del Coordinador del grupo administrativo Mixto, que revisa y envía la información, para el caso de Dirección General el nombre del coordinador del Grupo de Infraestructura.

Sheet FORMATO GIL-F-045
AC1: Versión: 10
AC2: Código: GIL-F- 045
B3: PROCESO
B4: GESTIÓN DE INFRAESTRUCTURA Y LOGÍSTICA
B5: NOMBRE DEL FORMATO
B6: REPORTE DE RECONOCIMIENTO DE OBRAS TERMINADAS
B7: CLASIFICACIÓN DE LA INFORMACIÓN
B8: Pública X | J8: Pública Clasificada | T8: Pública Reservada
B9: REPORTE DE RECONOCIMIENTO DE OBRAS TERMINADAS CORRESPONDIENTE AL MES DE AGOSTO DE 2026
B12: INFORMACIÓN DEL CONTRATO E INMUEBLE | R12: AMPLIACIÓN | T12: MODIFICACIÓN VIDA ÚTIL | V12: INFORMACIÓN CONTABLE | Z12: RESPONSABLES DE LA INFORMACIÓN
B13: OBRA REFERENTE | C13: NOMBRE REGIONAL O CENTRO DE FORMACIÓN DE EJECUCIÓN PRESUPUESTAL | D13: CÓDIGO PCI REGIONAL O CENTRO DE EJECUCIÓN PRESUPUESTAL | E13: NOMBRE REGIONAL DE EJECUCIÓN DE OBRA | F13: CÓDIGO PCI REGIONAL EJECUCIÓN OBRA | G13: DIRECCIÓN DEL INMUEBLE AL CUAL SE REALIZA LA INTERVENCIÓN | H13: ESTADO DE TENENCIA | I13: ENLACE SECOP II | J13: NÚMERO DE CÉDULA O NIT DEL CONTRATISTA | K13: NOMBRE O RAZÓN SOCIAL CONTRATISTA | L13: NO. CONTRATO | M13: FECHA DEL CONTRATO | N13: FECHA TERMINACIÓN DE OBRA | O13: FECHA DE RECIBIDO A SATISFACCIÓN | P13: OBJETO DEL CONTRATO | Q13: VALOR TOTAL DEL CONTRATO | R13: ÁREA DE AMPLIACIÓN EN M2 | S13: ÁREA TOTAL DE CONSTRUCCIÓN EN M2 | T13: ¿AUMENTO DE VIDA ÚTIL? | U13: VIDA ÚTIL A AUMENTAR (MESES) | V13: VALOR TOTAL PAGADO POR CONSTRUCCIÓN, ADECUACIÓN O MEJORAS (SIN IVA) | W13: VALOR PENDIENTE DE PAGO (SIN IVA) | X13: VALOR ACTIVACIÓN | Y13: No.COMPROBANTE CONTABLE ACTIVACION DE OBRA | Z13: SUPERVISOR DEL CONTRATO | AA13: CONTABILIDAD | AB13: HOMÓLOGO DEL GRUPO DE INFRAESTRUCTURA | AC13: COORDINADOR GRUPO ADMINISTRATIVO Y/O COORDINADOR DE INFRAESTRUCTURA (DG)
B14: 794697_2025_CENTRO AGROPECUARIO LA GRANJA | C14: TOLIMA CENTRO AGROPECUARIO LA GRANJA | D14: =+VLOOKUP(C14,'LISTADO PCI''s'!A:C,3,0) -> 36-02-00-073-912310 | E14: TOLIMA | F14: =+VLOOKUP(E14,'LISTADO PCI''s'!F:G,2,0) -> 36-02-00-073-000000 | G14: VDA. DINDALITO KM. 5 VIA ESPINAL CHICORAL | H14: PROPIO | I14: https://community.secop.gov.co/Public/Tendering/OpportunityDetail/Index?noticeUID=CO1.NTC.9133735&isFromPublicArea=True&isModal=False | J14: 900849077-6 | K14: CONSTRUNAL DE AGUAS SAS | L14: CO1.PCCNTR.8647526 DEL 2025 | M14: 46006 | N14: 46052 | O14: 46052 | P14: CONTRATAR LA OBRA DE CONSTRUCCIÓN DE POZO PROFUNDO PARA LA CAPTACIÓN DE AGUA DEL CENTRO AGROPECUARIO LA GRANJA | Q14: 1.0825035e+08 | R14: 20 | S14: 20 | T14: SI | U14: =12*30 -> 360 | V14: =+Q14 -> 1.0825035e+08 | X14: =+V14+W14 -> 1.0825035e+08 | Z14: MARLON VELASQUEZ MOSQUERA | AA14: GLORIA PATRICIA ARDILA | AB14: PAOLA MORALES RUIZ | AC14: MARCELA SANCHEZ SANCHEZ
D15: =+VLOOKUP(C15,'LISTADO PCI''s'!A:C,3,0) -> #N/A | F15: =+VLOOKUP(E15,'LISTADO PCI''s'!F:G,2,0) -> #N/A | X15: =+V15+W15 -> 0
D16: =+VLOOKUP(C16,'LISTADO PCI''s'!A:C,3,0) -> #N/A | F16: =+VLOOKUP(E16,'LISTADO PCI''s'!F:G,2,0) -> #N/A | X16: =+V16+W16 -> 0
D17: =+VLOOKUP(C17,'LISTADO PCI''s'!A:C,3,0) -> #N/A | F17: =+VLOOKUP(E17,'LISTADO PCI''s'!F:G,2,0) -> #N/A | X17: =+V17+W17 -> 0
D18: =+VLOOKUP(C18,'LISTADO PCI''s'!A:C,3,0) -> #N/A | F18: =+VLOOKUP(E18,'LISTADO PCI''s'!F:G,2,0) -> #N/A | X18: =+V18+W18 -> 0
D19: =+VLOOKUP(C19,'LISTADO PCI''s'!A:C,3,0) -> #N/A | F19: =+VLOOKUP(E19,'LISTADO PCI''s'!F:G,2,0) -> #N/A | X19: =+V19+W19 -> 0
D20: =+VLOOKUP(C20,'LISTADO PCI''s'!A:C,3,0) -> #N/A | F20: =+VLOOKUP(E20,'LISTADO PCI''s'!F:G,2,0) -> #N/A | X20: =+V20+W20 -> 0
D21: =+VLOOKUP(C21,'LISTADO PCI''s'!A:C,3,0) -> #N/A | F21: =+VLOOKUP(E21,'LISTADO PCI''s'!F:G,2,0) -> #N/A | X21: =+V21+W21 -> 0
D22: =+VLOOKUP(C22,'LISTADO PCI''s'!A:C,3,0) -> #N/A | F22: =+VLOOKUP(E22,'LISTADO PCI''s'!F:G,2,0) -> #N/A | X22: =+V22+W22 -> 0
D23: =+VLOOKUP(C23,'LISTADO PCI''s'!A:C,3,0) -> #N/A | F23: =+VLOOKUP(E23,'LISTADO PCI''s'!F:G,2,0) -> #N/A | X23: =+V23+W23 -> 0
D24: =+VLOOKUP(C24,'LISTADO PCI''s'!A:C,3,0) -> #N/A | F24: =+VLOOKUP(E24,'LISTADO PCI''s'!F:G,2,0) -> #N/A | X24: =+V24+W24 -> 0

Sheet LISTAS
C1: ESTADO DE TENENCIA
A2: SI | C2: PROPIO
A3: NO | C3: PROPIO NO EXPLOTADO
A4: NO APLICA | C4: RECIBIDO EN COMODATO
C5: ENTREGADO EN COMODATO
C6: RECIBIDO EN CONVENIO
C7: ENTREGADO EN CONVENIO
C8: RECIBIDO PENDIENTE DE LEGALIZACION
C9: ENTREGADO PENDIENTE DE LEGALIZACION

Sheet LISTADO PCI's
A1: CENTRO REG CONCATENADO | B1: REGIONAL | C1: PCI | D1: Descripción | F1: REGIONAL
A2: =+B2&" "&D2 -> DIRECCIÓN GENERAL Dirección General | B2: DIRECCIÓN GENERAL | C2: 36-02-00-001-0000 | D2: Dirección General | F2: DIRECCIÓN GENERAL | G2: =+VLOOKUP(F2,B:C,2,0) -> 36-02-00-001-0000
A3: =+B3&" "&D3 -> ANTIOQUIA Dirección Regional | B3: ANTIOQUIA | C3: 36-02-00-005-000000 | D3: Dirección Regional | F3: ANTIOQUIA | G3: =+VLOOKUP(F3,B:C,2,0) -> 36-02-00-005-000000
A4: =+B4&" "&D4 -> ANTIOQUIA Centro De Los Recursos Naturales Renovables-La Salada | B4: ANTIOQUIA | C4: 36-02-00-005-910110 | D4: Centro De Los Recursos Naturales Renovables-La Salada | F4: ATLÁNTICO | G4: =+VLOOKUP(F4,B:C,2,0) -> 36-02-00-008-000000
A5: =+B5&" "&D5 -> ANTIOQUIA Centro De Formación Profesional Minero Ambiental | B5: ANTIOQUIA | C5: 36-02-00-005-912710 | D5: Centro De Formación Profesional Minero Ambiental | F5: DISTRITO CAPITAL | G5: =+VLOOKUP(F5,B:C,2,0) -> 36-02-00-011-000000
A6: =+B6&" "&D6 -> ANTIOQUIA Centro De Diseño Y Manufactura Del Cuero | B6: ANTIOQUIA | C6: 36-02-00-005-920110 | D6: Centro De Diseño Y Manufactura Del Cuero | F6: BOLÍVAR | G6: =+VLOOKUP(F6,B:C,2,0) -> 36-02-00-013-000000
A7: =+B7&" "&D7 -> ANTIOQUIA Centro De Formación En Diseño, Confección y Moda | B7: ANTIOQUIA | C7: 36-02-00-005-920210 | D7: Centro De Formación En Diseño, Confección y Moda | F7: BOYACÁ | G7: =+VLOOKUP(F7,B:C,2,0) -> 36-02-00-015-000000
A8: =+B8&" "&D8 -> ANTIOQUIA Centro Para El Desarrollo Del Hábitat Y la Construcción. | B8: ANTIOQUIA | C8: 36-02-00-005-920310 | D8: Centro Para El Desarrollo Del Hábitat Y la Construcción. | F8: CALDAS | G8: =+VLOOKUP(F8,B:C,2,0) -> 36-02-00-017-000000
A9: =+B9&" "&D9 -> ANTIOQUIA Centro De Tecnología De La Manufactura Avanzada | B9: ANTIOQUIA | C9: 36-02-00-005-920410 | D9: Centro De Tecnología De La Manufactura Avanzada | F9: CAQUETÁ | G9: =+VLOOKUP(F9,B:C,2,0) -> 36-02-00-018-000000
A10: =+B10&" "&D10 -> ANTIOQUIA Centro Tecnológico Del Mobiliario | B10: ANTIOQUIA | C10: 36-02-00-005-920510 | D10: Centro Tecnológico Del Mobiliario | F10: CAUCA | G10: =+VLOOKUP(F10,B:C,2,0) -> 36-02-00-019-000000
A11: =+B11&" "&D11 -> ANTIOQUIA Centro Textil y De Gestión Industrial | B11: ANTIOQUIA | C11: 36-02-00-005-920610 | D11: Centro Textil y De Gestión Industrial | F11: CESAR | G11: =+VLOOKUP(F11,B:C,2,0) -> 36-02-00-020-000000
A12: =+B12&" "&D12 -> ANTIOQUIA Centro De Comercio | B12: ANTIOQUIA | C12: 36-02-00-005-930110 | D12: Centro De Comercio | F12: CÓRDOBA | G12: =+VLOOKUP(F12,B:C,2,0) -> 36-02-00-023-000000
A13: =+B13&" "&D13 -> ANTIOQUIA Centro De Servicios De Salud | B13: ANTIOQUIA | C13: 36-02-00-005-940110 | D13: Centro De Servicios De Salud | F13: CUNDINAMARCA | G13: =+VLOOKUP(F13,B:C,2,0) -> 36-02-00-025-000000
... A35: =+B35&" "&D35 -> BOYACÁ Centro De Desarrollo Agropecuario Y Agroindustrial | B35: BOYACÁ | C35: 36-02-00-015-911010 | D35: Centro De Desarrollo Agropecuario Y Agroindustrial | F35: VICHADA | G35: =+VLOOKUP(F35,B:C,2,0) -> 36-02-00-099-000000
A36: =+B36&" "&D36 -> BOYACÁ Centro Minero | B36: BOYACÁ | C36: 36-02-00-015-911110 | D36: Centro Minero
A37: =+B37&" "&D37 -> BOYACÁ Centro De Gestión Administrativa Y Fortalecimiento Empresarial | B37: BOYACÁ | C37: 36-02-00-015-930510 | D37: Centro De Gestión Administrativa Y Fortalecimiento Empresarial
A38: =+B38&" "&D38 -> BOYACÁ Centro Industrial De Mantenimiento Y Manufactura | B38: BOYACÁ | C38: 36-02-00-015-951410 | D38: Centro Industrial De Mantenimiento Y Manufactura
A39: =+B39&" "&D39 -> BOYACÁ Centro de la innovación Agroindustrial y de Servicios. | B39: BOYACÁ | C39: 36-02-00-015-955110 | D39: Centro de la innovación Agroindustrial y de Servicios.
A40: =+B40&" "&D40 -> CALDAS Dirección Regional | B40: CALDAS | C40: 36-02-00-017-000000 | D40: Dirección Regional
A41: =+B41&" "&D41 -> CALDAS Centro Para La Formación Cafetera | B41: CALDAS | C41: 36-02-00-017-911210 | D41: Centro Para La Formación Cafetera
A42: =+B42&" "&D42 -> CALDAS Centro De Automatización Industrial | B42: CALDAS | C42: 36-02-00-017-921910 | D42: Centro De Automatización Industrial
A43: =+B43&" "&D43 -> CALDAS Centro De Procesos Industriales y Construcción. | B43: CALDAS | C43: 36-02-00-017-922010 | D43: Centro De Procesos Industriales y Construcción.
A44: =+B44&" "&D44 -> CALDAS Centro De Comercio Y Servicios | B44: CALDAS | C44: 36-02-00-017-930610 | D44: Centro De Comercio Y Servicios
A45: =+B45&" "&D45 -> CALDAS Centro Pecuario Y Agroempresarial | B45: CALDAS | C45: 36-02-00-017-951510 | D45: Centro Pecuario Y Agroempresarial
A46: =+B46&" "&D46 -> CAQUETÁ Dirección Regional | B46: CAQUETÁ | C46: 36-02-00-018-000000 | D46: Dirección Regional
A47: =+B47&" "&D47 -> CAQUETÁ Centro Tecnológico De La Amazonia | B47: CAQUETÁ | C47: 36-02-00-018-951610 | D47: Centro Tecnológico De La Amazonia
... A153: =+B153&" "&D153 -> VICHADA Centro De Producción Y Transformación Agroindustrial de la Orinoquía | B153: VICHADA | C153: 36-02-00-099-953110 | D153: Centro De Producción Y Transformación Agroindustrial de la Orinoquía
